Map: Kairos Junction LE

Players

Diglett - Winner!

  • Race: Protoss Protoss
  • League: Master
  • Spawn Location: 5:00

MrHase

  • Race: Zerg Zerg
  • League: Master
  • Spawn Location: 11:00

VOD

Have the link to the VOD?

Description

Time

  • Played on: Dec. 11, 2018, 5:04 p.m.
  • Length: 12:27
Show
View Real Time Build Order
Export as new Build Order

Diglett Protoss - Winner!

Build Orders: 1 Gate Expand, Oracle Opening, Phoenix Opening, Archon Immortal, Archon Drop 

Get SALT Encoding   

  12  0:00  Probe  
  13  0:12  Probe  
  14  0:19  Pylon  
  14  0:24  Probe  
  15  0:37  Probe  
  16  0:43  Gateway  
  16  0:52  Probe  
  17  1:02  Probe  
  17  1:03  Assimilator  
  18  1:11  Probe  
  19  1:23  Probe  
  20  1:28  Nexus  
  20  1:37  Cybernetics Core  
  20  1:41  Probe  
  21  1:47  Assimilator  
  21  1:54  Pylon  
  21  1:57  Probe  
  22  2:17  Probe  
  22  2:22  Adept, Stargate  
  23  2:29  Probe  
  24  2:36  Warp Gate  
  26  2:41  Probe  
  27  2:44  Probe  
  27  2:48  Adept  
  30  2:53  Probe x2  
  32  3:01  Probe x2  
  34  3:07  Phoenix  
  34  3:10  Probe  
  36  3:14  Shield Battery  
  36  3:19  Zealot  
  37  3:27  Probe x2  
  41  3:34  Assimilator  
  41  3:36  Assimilator  
  41  3:39  Probe x2  
  43  3:47  Robotics Facility  
  41  3:50  Oracle  
  41  3:51  Probe  
  42  3:58  Probe  
  46  4:03  Probe  
  46  4:09  Twilight Council  
  45  4:10  Probe  
  46  4:25  Pylon  
  46  4:28  Pylon, Gateway  
  46  4:33  Gateway  
  46  4:36  Warp Prism  
  46  4:38  Charge  
  46  4:39  Gateway  
  46  4:43  Probe x2  
  50  4:55  Probe x2  
  50  4:57  Templar Archives  
  52  5:07  Probe x2, Adept  
  52  5:10  Gateway  
  52  5:14  Observer  
  57  5:19  Probe, Gateway  
  57  5:21  Probe  
  59  5:26  Adept  
  61  5:40  Nexus  
  61  5:48  Pylon  
  61  5:49  Pylon  
  61  5:53  Pylon  
  60  5:59  High Templar  
  62  6:06  Probe  
  62  6:07  High Templar x3  
  62  6:08  Probe  
  70  6:11  Immortal  
  70  6:16  Archon  
  70  6:17  Archon  
  74  6:18  Probe  
  74  6:21  Probe  
  76  6:35  Probe x2  
  76  6:38  Robotics Facility  
  78  6:41  Forge  
  78  6:42  Pylon  
  78  6:47  Probe  
  79  6:55  Immortal  
  79  6:56  Probe, Zealot x5  
  79  6:57  Zealot  
  79  6:59  Protoss Ground Weapons Level 1  
  79  7:00  Psionic Storm  
  96  7:24  Pylon  
  96  7:26  Zealot x6  
  102  7:32  Immortal  
  94  7:42  Immortal  
  102  7:47  Pylon  
  102  7:48  Pylon  
  102  7:51  Gateway x2  
  102  7:54  Zealot  
  104  8:06  High Templar x4  
  104  8:07  Probe x2, High Templar  
  104  8:08  Probe  
  117  8:14  Observer  
  117  8:19  Probe x2  
  120  8:22  Forge  
  120  8:23  Gateway  
  120  8:24  Pylon  
  120  8:26  Pylon  
  120  8:29  Pylon  
  120  8:32  Probe  
  120  8:34  High Templar  
  123  8:35  Immortal  
  127  8:41  Immortal  
  131  8:50  Zealot x3  
  131  8:51  Zealot  
  139  8:58  Protoss Ground Armor Level 1  
  139  9:02  Probe  
  140  9:04  Assimilator  
  140  9:06  Assimilator  
  140  9:10  Zealot x3  
  140  9:13  Pylon  
  140  9:15  Observer, Pylon  
  147  9:24  Immortal  
  149  9:36  Warp Prism  
  133  9:46  Archon x2  
  133  9:51  Zealot x9  
  131  10:03  Immortal  
  135  10:13  Zealot x5  
  135  10:14  Zealot x3  
  106  10:37  Nexus  
  106  10:38  High Templar x3, Zealot x3  
  106  10:39  High Templar, Pylon  
  120  10:45  High Templar  
  120  10:46  High Templar  
  124  10:55  Probe  
  125  10:58  Zealot x3  
  130  11:14  High Templar x2, Zealot x2  
  130  11:15  Zealot x3  
  130  11:17  Observer  
  145  11:38  Archon x2  
  145  11:39  Archon x2  
  139  11:42  Zealot x5  
  133  11:58  Zealot x2  
  133  11:59  Zealot x2  
  135  12:14  High Templar x3  
  135  12:15  Zealot x2  
Show
View Real Time Build Order
Export as new Build Order

MrHase Zerg 

Build Orders: Hatch First 

Get SALT Encoding   

  12  0:02  Drone  
  13  0:12  Overlord  
  13  0:16  Drone  
  14  0:22  Extractor  
  14  0:24  Drone  
  15  0:32  Drone  
  15  0:35  Drone  
  17  0:53  Drone  
  18  1:01  Hatchery  
  17  1:17  Spawning Pool  
  17  1:18  Drone x2  
  18  1:20  Extractor  
  18  1:22  Drone  
  18  1:40  Overlord  
  18  1:41  Drone  
  19  1:52  Drone  
  20  2:04  Queen  
  20  2:08  Drone  
  23  2:12  Drone  
  23  2:13  Queen, Drone  
  27  2:22  Metabolic Boost  
  27  2:25  Drone x2  
  29  2:33  Drone  
  30  2:42  Hatchery  
  29  2:45  Drone  
  29  2:51  Zergling x4  
  32  2:55  Zergling x2  
  33  2:59  Zergling x2  
  34  3:06  Overlord  
  34  3:07  Drone  
  35  3:22  Drone  
  35  3:23  Overlord x2  
  36  3:28  Drone x2  
  36  3:29  Drone x2  
  40  3:34  Overlord  
  40  3:37  Drone x2  
  40  3:40  Drone  
  42  3:45  Zergling x2  
  41  3:50  Zergling x2  
  42  3:56  Zergling x2  
  42  4:02  Drone x7  
  49  4:05  Drone x2, Spore Crawler  
  49  4:06  Queen  
  49  4:08  Spore Crawler  
  51  4:25  Roach Warren, Spore Crawler, Drone x2  
  51  4:26  Drone x4  
  51  4:28  Extractor  
  54  4:33  Extractor  
  53  4:38  Lair  
  53  4:46  Drone  
  54  4:55  Drone  
  54  4:57  Queen x2, Overlord  
  58  5:07  Roach  
  58  5:08  Roach x2  
  58  5:09  Overlord x3  
  58  5:11  Drone  
  65  5:16  Roach  
  65  5:17  Roach x3  
  65  5:20  Overlord  
  73  5:27  Overlord  
  73  5:29  Roach x4  
  81  5:41  Zergling x2  
  81  5:42  Zergling x8  
  85  5:46  Roach x4  
  85  5:47  Glial Reconstitution  
  93  5:52  Roach x2  
  99  6:04  Drone x5  
  99  6:09  Drone x5  
  107  6:12  Roach x2  
  107  6:14  Overlord  
  113  6:18  Roach  
  113  6:26  Spine Crawler, Roach  
  113  6:32  Spine Crawler  
  113  6:33  Spine Crawler  
  113  6:35  Roach x3  
  113  6:37  Ravager x2  
  120  6:51  Drone x3  
  122  7:01  Infestation Pit, Drone  
  122  7:06  Overlord x2  
  122  7:07  Overlord x2  
  124  7:14  Overlord x2  
  124  7:15  Extractor x2, Overlord x5  
  117  7:41  Drone x2  
  117  7:42  Drone x9  
  127  7:49  Pathogen Glands  
  127  7:52  Extractor, Queen, Drone  
  129  8:01  Drone x3  
  129  8:02  Hatchery  
  131  8:08  Queen  
  133  8:27  Evolution Chamber  
  133  8:31  Infestor x5  
  133  8:33  Overlord x3  
  142  8:34  Zergling x8  
  142  8:35  Zergling x2  
  142  8:39  Queen x2  
  151  8:42  Spine Crawler  
  151  8:44  Queen  
  151  8:45  Neural Parasite  
  151  8:46  Spine Crawler  
  151  8:49  Roach x4  
  151  8:51  Ravager x2  
  151  8:52  Ravager  
  151  8:53  Zergling x2  
  151  8:54  Zergling x4  
  165  8:59  Spine Crawler  
  165  9:01  Spine Crawler  
  165  9:02  Drone x3  
  166  9:29  Ravager  
  166  9:30  Ravager x2  
  142  9:48  Zergling x22  
  142  9:49  Zergling x20  
  119  10:04  Zergling x8  
  102  10:14  Roach  
  102  10:15  Roach x3  
  104  10:23  Zergling x2  
  104  10:24  Zergling x6  
  103  10:37  Drone x2  
  103  10:38  Drone x2  
  103  10:39  Ravager  
  108  10:45  Roach x4, Queen  
  108  10:47  Queen  
  108  10:49  Hive  
  120  10:51  Extractor  
  120  10:52  Roach  
  120  10:53  Extractor  
  120  10:57  Infestor x6  
  132  11:09  Roach x4  
  140  11:17  Roach x7  
  154  11:23  Roach  
  154  11:24  Roach x2  
  160  11:38  Roach x7  
  164  11:46  Roach x3  
  145  11:52  Roach x4  
  145  11:53  Roach  
  132  11:57  Roach x3  
  125  12:04  Roach  
  125  12:05  Roach x3  
Tags
 
Add a new tag
Caveats
  • Supply blocks, unpowered buildings, or Contaminate may cause inaccurate times.
  • Supply counts are checked every 10 seconds.